Cogmind - Beta 14 @@@ ROGUE MODE // 2025.03.11 @ 09:58:19 Player: canerib Result: Destroyed by D-53 Grenadier with Mini Grenade Launcher Performance ------------- Evolutions (1) 500 Regions Visited (3) 600 Robots Destroyed (40) 200 Value Destroyed (1037) 1037 Prototype IDs (3) 60 Alien Tech Used (0) 0 Bonus (0) 0 TOTAL SCORE: 2397 Bonus ------- None Cogmind --------- Core Integrity 0/400 Matter 300/300 Energy 100/100 System Corruption 0% Temperature Cool (0) Movement Core (200) Ox3 Location -9/Mines Parts ------- > --- POWER (1) -------- (None) > --- PROPULSION (3) --- (None) > --- UTILITY (3) ------ Medium Storage Unit > --- WEAPON (2) ------- Hammer > --- INVENTORY (10) --- Heavy Ion Engine Improved Heat Sink Large Storage Unit Improved Targeting Computer Hacking Suite Hacking Suite Peak State ------------ > --- POWER ------------ Improved Ion Engine > --- PROPULSION ------- Improved Aluminum Leg Improved Aluminum Leg Improved Aluminum Leg > --- UTILITY ---------- Medium Storage Unit Improved Sensor Array Improved Light Armor Plating > --- WEAPON ----------- Particle Gun Heavy Assault Rifle > --- INVENTORY -------- Heavy Ion Engine Aluminum Leg Aluminum Leg Improved Heat Sink Improved Targeting Computer Hacking Suite Hacking Suite Medium Laser Rocket Launcher Mining Laser [Rating: 21] Favorites ----------- Power Ion Engine Engine Ion Engine Power Core Light Nuclear Core Propulsion Aluminum Leg Leg Aluminum Leg Utility Medium Storage Unit Device Improved Terrain Scanner Storage Medium Storage Unit Protection Improved Light Armor Plating Weapon Assault Rifle Energy Gun Medium Laser Ballistic Gun Assault Rifle Launcher Rocket Launcher Special Weapon Mining Laser Impact Weapon Hammer Build | -11 -10 -9 -9 ------- Run | Yrd Mat Mat Min Slots Evolved 2 | . . 2 . Power . | . . . . Propulsion 1 | . . 1 . Utility 1 | . . 1 . Weapon . | . . . . Parts Attached 44 | 7 12 23 2 Power 6 | 1 3 2 . Engine 5 | 1 2 2 . Core 1 | . 1 . . Reactor . | . . . . Propulsion 16 | 2 5 9 . Treads . | . . . . Leg 16 | 2 5 9 . Wheel . | . . . . Hover . | . . . . Flight . | . . . . Utility 6 | 2 1 3 . Device 3 | 1 . 2 . Storage 2 | 1 1 . . Processor . | . . . . Hackware . | . . . . Protection 1 | . . 1 . Artifact . | . . . . Weapon 16 | 2 3 9 2 Energy Gun 4 | 1 . 3 . Energy Cannon . | . . . . Ballistic Gun 6 | 1 3 2 . Ballistic Cannon . | . . . . Launcher 1 | . . 1 . Special Weapon 4 | . . 3 1 Impact Weapon 1 | . . . 1 Slashing Weapon . | . . . . Piercing Weapon . | . . . . Special Melee Weapon . | . . . . Unidentified Prototypes . | . . . . Parts Lost 16 | . 1 13 2 Power 2 | . 1 1 . Propulsion 5 | . . 4 1 Utility 3 | . . 3 . Weapon 6 | . . 5 1 Highest Loss Streak 9 | . 1 9 2 To Critical Strikes . | . . . . Average Slot Usage (%) 89 | . 99 95 39 Engine 8 | . 9 10 . Core 2 | . 4 . . Leg 27 | . 28 31 10 Device 13 | . 14 17 . Storage 12 | . 14 11 11 Protection 1 | . . 3 . Energy Gun 5 | . 9 3 . Ballistic Gun 15 | . 18 17 . Special Weapon 1 | . . . 10 Peak Build Rating 21 | 9 12 21 5 Average Rating 11 | 6 10 15 4 On Entrance 5 | . 9 10 3 Naked Turns . | . . . . Heaviest Build 27 | 15 20 27 13 Greatest Support 39 | 20 20 39 10 Greatest Overweight (x) 4 | 2 . 1 4 Average Overweight (x) . | . . . . Largest Inventory Capacity 10 | 8 10 10 10 Average Capacity 9 | 7 9 10 10 Most Carried 10 | 4 10 10 7 Average Carried 8 | 1 8 9 6 Final Capacity 10 | 8 10 10 10 Final Carried 10 | 4 10 7 6 Class Distribution -------------------- 80% | Mutant 19% | Scavenger-Mutant Dominant Class ---------------- Mutant | -10/Materials Mutant | -9/Materials Mutant | -9/Mines Resources | -11 -10 -9 -9 ----------- Run | Yrd Mat Mat Min Matter Collected 1113 | 310 265 440 98 Remotely . | . . . . Salvage Created 1489 | 96 424 784 185 Parts 79 | 6 17 56 . Haulers Intercepted 1 | . . 1 . Recyclers Shooed . | . . . . Parts Field Recycled . | . . . . Retrieved Matter . | . . . . Parts Self-Destructed . | . . . . Prevented . | . . . . Kills | -11 -10 -9 -9 ------- Run | Yrd Mat Mat Min Combat Hostiles Destroyed 29 | . 9 20 . Guns 28 | . 9 19 . AOE 1 | . . 1 . Classes Destroyed 9 | 2 2 5 . Tunneler 3 | 2 . . 1 Hauler 1 | . . 1 . Recycler 3 | 1 . . 2 Operator 1 | . . 1 . Watcher 3 | . 1 2 . Swarmer 9 | . . 9 . Grunt 12 | . 9 3 . Duelist 1 | . . 1 . Sentry 7 | . . 7 . Best Kill Streak 7 | 2 3 7 1 Combat Bots Only 7 | . 3 7 . Max Kills in Single Turn 1 | 1 1 1 1 Gunslinging . | . . . . Exploded 1 | . . 1 . Melee . | . . . . Uniques/NPCs Destroyed . | . . . . Combat | -11 -10 -9 -9 -------- Run | Yrd Mat Mat Min Hostile Shots Fired 239 | . 59 171 9 Missed 53 | . 14 38 1 Damage Taken 2647 | . 569 1750 328 Core 474 | . 57 226 191 Absorbed by Shields . | . . . . Regen/Repaired (Parts) 49 | . 49 . . Core Remaining (%) 88 | 100 77 . . Volleys Fired 145 | 14 51 76 4 Largest 2 | 2 2 2 1 Hottest 150 | 70 70 150 100 Shots Fired 277 | 28 102 143 4 Gun 266 | 28 102 136 . Cannon . | . . . . Launcher 2 | . . 2 . Special 9 | . . 5 4 Kinetic 166 | 14 51 101 . Thermal 109 | 14 51 40 4 Explosive 2 | . . 2 . Electromagnetic . | . . . . Robot Hit Streak 13 | 6 9 13 1 Robot Miss Streak 4 | 4 3 4 2 Penetration Max . | . . . . Secondary Targets 6 | . 1 5 . Max Gunslinging Chain 1 | . 1 1 . Shots Hit Robots 184 | 16 71 91 6 Core Hits 67 | 4 24 39 . Critical Kills . | . . . . Critical Parts Destroyed 5 | . 3 . 2 Critical Strikes 11 | 3 6 . 2 Burn 6 | 3 3 . . Destroy 3 | . 3 . . Smash 2 | . . . 2 Melee Attacks 6 | . . . 6 Impact 6 | . . . 6 Slashing . | . . . . Piercing . | . . . . Sneak Attacks 3 | . . . 3 Combat Hostiles . | . . . . Follow-up Attacks . | . . . . Damage Inflicted 2751 | 200 913 1424 214 Guns 2363 | 198 911 1254 . Cannons . | . . . . Explosions 146 | . . 146 . Melee 187 | . . . 187 Ramming 7 | 2 2 . 3 Kinetic 1470 | 100 475 895 . Thermal 941 | 98 436 383 24 Explosive 146 | . . 146 . Electromagnetic . | . . . . Impact 187 | . . . 187 Slashing . | . . . . Piercing . | . . . . Highest Corruption . | . . . . Average Corruption . | . . . . Corruption Purged . | . . . . Corruption Blocked . | . . . . Overload Shots . | . . . . Overflow Damage 171 | . . 43 128 Projectiles . | . . . . Explosions 43 | . . 43 . Melee 128 | . . . 128 Knockbacks 2 | . . . 2 Impact 2 | . . . 2 Kinetic . | . . . . Secondary . | . . . . Self-Inflicted Damage 96 | . . 96 . Shots 2 | . . 2 . Rammed . | . . . . Targets Rammed 4 | 1 1 . 2 Kicked 4 | 1 1 . 2 Crushed . | . . . . Highest Temperature 417 | 63 189 417 . Average Temperature 89 | 24 63 131 . Received Heat Transfer 819 | . 312 507 . Effects 4 | . . 4 . Shutdowns 1 | . . 1 . Interference 1 | . . 1 . Matter Decay 1 | . . 1 . Short Circuit 1 | . . 1 . Siege Activations . | . . . . Robots Corrupted 3 | . . . 3 Combat Hostiles . | . . . . Parts Fried 5 | . . . 5 Impact Corruptions 4 | . . . 4 Robots Melted . | . . . . Combat Hostiles . | . . . . Parts Melted 7 | 1 4 2 . Heat Transferred 2986 | 518 1517 901 50 Parts Sabotaged . | . . . . Parts Stolen . | . . . . Parts Stripped . | . . . . Power Chain Reactions . | . . . . Alert | -11 -10 -9 -9 ------- Run | Yrd Mat Mat Min Peak Influence 320 | 15 234 320 135 Initial 119 | . 9 . 119 Average 86 | 6 94 73 125 Maximum Alert Level 1 | . 1 1 . Low Security (%) 95 | 100 98 90 100 Level 1 4 | . 1 9 . Level 2 . | . . . . Level 3 . | . . . . Level 4 . | . . . . Level 5 . | . . . . High Security . | . . . . Max Security . | . . . . Squads Dispatched 1 | . 1 . . Investigation 1 | . 1 . . Extermination . | . . . . Reinforcement . | . . . . Assault . | . . . . Garrison . | . . . . Intercept . | . . . . Searches Triggered . | . . . . Construction Impeded . | . . . . Haulers Reinforced . | . . . . Active Scanning Responses . | . . . . Cargo Convoy Interrupts . | . . . . Stealth | -11 -10 -9 -9 --------- Run | Yrd Mat Mat Min Distress Signals . | . . . . Communications Jammed . | . . . . Distress Signals . | . . . . Times Spotted 58 | . 23 33 2 Peak Tracking Total 9 | . 3 9 2 Tactical Retreats 4 | . 2 2 . Traps | -11 -10 -9 -9 ------- Run | Yrd Mat Mat Min Traps Triggered 1 | . 1 . . Indirectly . | . . . . Trap Hack Attempts . | . . . . Triggered . | . . . . Disarmed . | . . . . Reprogrammed . | . . . . Reused . | . . . . Traps Extracted . | . . . . Installed . | . . . . Triggered . | . . . . Machines | -11 -10 -9 -9 ---------- Run | Yrd Mat Mat Min Machines Disabled 2 | . 1 1 . Max in Single Turn 1 | . 1 1 . Machines Repaired . | . . . . Machines Dismantled . | . . . . Machines Sabotaged . | . . . . Overloaded Fab Kills . | . . . . Hacking | -11 -10 -9 -9 --------- Run | Yrd Mat Mat Min Machines Accessed 17 | . 8 9 . Terminals 15 | . 7 8 . Fabricators . | . . . . Repair Stations 1 | . 1 . . Recycling Units . | . . . . Scanalyzers 1 | . . 1 . Garrison Access . | . . . . Total Hacks 52 | . 28 24 . Successful 26 | . 15 11 . Failed 26 | . 13 13 . Catastrophic 5 | . 3 2 . Database Lockouts . | . . . . Manual 34 | . 17 17 . Terminals 46 | . 25 21 . Fabricators . | . . . . Repair Stations 3 | . 3 . . Recycling Units . | . . . . Scanalyzers 3 | . . 3 . Garrison Access . | . . . . Terminal Hacks 8 | . 4 4 . Prototype ID Bank 1 | . . 1 . Level Access Points 2 | . 1 1 . Branch Access Points 1 | . 1 . . Terminal Index 1 | . . 1 . Alert Level 3 | . 2 1 . Fabricator Hacks . | . . . . Repair Station Hacks 2 | . 2 . . Scan Component 1 | . 1 . . Repair 1 | . 1 . . Recycling Unit Hacks . | . . . . Scanalyzer 2 | . . 2 . Insert Component 1 | . . 1 . Analyze 1 | . . 1 . Garrison Access Hacks . | . . . . Unauthorized Hacks 14 | . 9 5 . Terminals 14 | . 9 5 . Assimilate 8 | . 5 3 . Botnet 6 | . 4 2 . Fabricators . | . . . . Repair Stations . | . . . . Recycling Units . | . . . . Scanalyzers . | . . . . Garrison Access . | . . . . Data Cores Recovered 1 | . . 1 . Used . | . . . . Hacking Detections 15 | . 7 8 . Full Trace Events 2 | . 1 1 . Feedback Events . | . . . . Feedback Blocked . | . . . . Robot Schematics Acquired . | . . . . Robots Built . | . . . . Authchips . | . . . . Time . | . . . . Total Robot Build Rating . | . . . . Part Schematics Acquired 1 | . . 1 . Parts Built . | . . . . Authchips . | . . . . Time . | . . . . Total Part Build Rating . | . . . . Parts Repaired 1 | . 1 . . Time 26 | . 26 . . Parts Recycled . | . . . . Recycled Matter . | . . . . Retrieved Matter . | . . . . Retrieved Components . | . . . . Parts Scanalyzed 1 | . . 1 . Part Schematics Acquired 1 | . . 1 . Parts Damaged . | . . . . Bothacking | -11 -10 -9 -9 ------------ Run | Yrd Mat Mat Min Used RIF Installer . | . . . . Robots Hacked . | . . . . Non-combat . | . . . . Combat . | . . . . Robot Hacks Applied . | . . . . Relay Couplers Released . | . . . . Fabnet Peak Effective % . | . . . . Robots Rewired . | . . . . Allies Hacked . | . . . . Hacks Repelled . | . . . . Allies | -11 -10 -9 -9 -------- Run | Yrd Mat Mat Min Total Allies 2 | . 2 . . Largest Group 1 | . 1 1 . Highest-Rated Group 10 | . 10 10 . Highest-Rated Ally 10 | . 10 10 . Total Orders . | . . . . Ally Attacks . | . . . . Total Damage . | . . . . Kills . | . . . . Allies Corrupted . | . . . . Allies Melted . | . . . . Intel | -11 -10 -9 -9 ------- Run | Yrd Mat Mat Min Robot Analysis Total . | . . . . Derelict Logs Recovered . | . . . . Drone Launches . | . . . . Drone Recoveries . | . . . . Exploration | -11 -10 -9 -9 ------------- Run | Yrd Mat Mat Min Turns Passed 2900 | 113 1229 1182 376 Spaces Moved 1684 | 48 722 731 183 Core 6 | 5 . . 1 Treads . | . . . . Legs 1678 | 43 722 731 182 Wheels . | . . . . Hover . | . . . . Flight . | . . . . Fastest Speed 50 | 50 120 120 120 Average Speed 127 | 115 120 120 185 Slowest Speed 250 | 150 120 190 250 Overloaded Moves . | . . . . Propulsion Burnouts . | . . . . Robots Hopped . | . . . . Cave-ins Triggered . | . . . . Exploration Rate (%) 58 | 4 97 81 50 Regions Visited 3 Branch Regions 1 Pre-discovered Areas . | . . . . Known Exits Taken 1 | . 1 . . Unknown Exits Taken 2 | 1 . 1 . Scrap Searched 1 | . . . 1 Spaces Dug 2 | . . 2 . Terrain Destroyed 11 | . . 10 1 Melee . | . . . . Projectile 4 | . . 3 1 AOE 7 | . . 7 . Terrain Rammed . | . . . . Walls Destroyed . | . . . . Machines Disabled . | . . . . Actions | -11 -10 -9 -9 --------- Run | Yrd Mat Mat Min Total 2146 | 73 992 884 197 Wait 218 | . 181 37 . Move 1681 | 47 721 730 183 Hop . | . . . . Pick Up 23 | 4 12 7 . Fast Attach 11 | 7 . 3 1 Attach 10 | . 2 7 1 Detach 1 | . 1 . . Swap 23 | . 10 13 . Drop 24 | . 13 11 . Fire 145 | 14 51 76 4 Melee 6 | . . . 6 Ram . | . . . . Kick 4 | 1 1 . 2 Crush . | . . . . Escape Stasis . | . . . . Rewire . | . . . . Trap . | . . . . Miscellaneous . | . . . . Route ------- -11/Scrapyard -10/Materials (discovered 5 exits: *Mat x3 / *Min x2) -9/Materials (discovered 5 exits: *Mat x3 / [*Min x2]) -9/Mines (discovered 1 exit: *Mat) History --------- Turn | Location | Event 4 | -11/Scrapyard | Discovered new exit (range 16) 114 | -11/Scrapyard | Entered Materials 309 | -10/Materials | Build established: Mutant 376 | -10/Materials | Discovered new exit (range 16) 458 | -10/Materials | Discovered new exit (range 15) 644 | -10/Materials | Discovered new exit (range 8) 726 | -10/Materials | Discovered new exit (range 9) 1008 | -10/Materials | Discovered new exit (range 15) 1258 | -10/Materials | Build established: Scavenger-Mutant 1261 | -10/Materials | Repaired Med. Laser 1274 | -10/Materials | Identified exit to Mines 1306 | -10/Materials | Identified exit to Materials 1343 | -10/Materials | Entered another Materials area 1343 | -9/Materials | Accompanied by 1 ally 1343 | -9/Materials | Evolved 2 slots: Propulsion x1, Utility x1 1410 | -9/Materials | Discovered new exit (range 7) 1669 | -9/Materials | Build established: Mutant 1713 | -9/Materials | Discovered new exit (range 16) 2263 | -9/Materials | Discovered new exit (range 6) 2402 | -9/Materials | Identified exit to Materials 2506 | -9/Materials | Destroyed 7 combat bots 2510 | -9/Materials | Discovered new exit (range 7) 2518 | -9/Materials | Lost 9 parts (1p2n2u4w) 2525 | -9/Materials | Core integrity fell below 50% 2525 | -9/Materials | Entered Mines 2680 | -9/Mines | Discovered exit to Materials (range 15) 2863 | -9/Mines | Assembled infested the area 2897 | -9/Mines | Core integrity fell below 20% 2901 | -9/Mines | Destroyed by D-53 Grenadier with Mini Grenade Launcher Last Messages --------------- 02761_ T-07 Excavator is excavating. 02777_ Sneak attack on T-07 Excavator. 02777_ T-07 Excavator suffers critical hit (Smash). 02777_ Destroyed Seismic Detector. 02777_ Destroyed Wheel. 02777_ T-07 Excavator system corrupted by crushing effect. 02778_ T-07 Excavator system terminally corrupted. 02778_ Wheel fried. 02863_ ALERT: Infestation in the mines, dispatching Demolisher response squad. 02885_ K-01 Serf cleans the Plasma Injector. 02890_ C-30 ARC bursts open, deploying its payload. 02890_ D-53 Grenadier unfolds itself. 02890_ Aluminum Leg destroyed. 02891_ K-01 Serf cleans the Plasma Injector. 02892_ Mining Laser destroyed. 02894_ D-53 Grenadier destroyed. 02896_ The unstable cave ceiling collapses. 02900_ D-53 Grenadier knocked back. 02901_ The unstable cave ceiling collapses. Map ----- +----------------------------------------------------+ | ??????????????????????????????????????????????? | | ??????????????????????????????????????????????? | | ??????????????????????????????????????????????? | | ??????????????????????????????????????????????? | | ??????????????????????????????????????????????? | | ??????????????????????????????????????????????? | | ??????????????????????????????????????????????? | | ??????????????????????????????????????????????? | | ??????????????????????????????????????????????? | | ??????????????????????????????????????????????? | | ??????????????????????????????????????????????? | | ????????????????????????##????????????????????? | | ???????????????????????? #????????????????????? | | ?????????????????????? #????????????????????? | | ?????????????????????? #????????????????????? | | ??????????????????????"" ?????????????????????? | | ??????????????????????"" ?????????????????????? | | ??????????????????????"" ?????????????????????? | | ?????????????????????? ?????????????????????? | | ???????????????????#### #?????????????????????? | | ??????????????????## # ####??????????????????? | | ???????????????#### #??????????????????? | | ???????????????# ##??????????????????? | | ???????????????# #??????????????????? | | ???????????????# #??????????????????? | | ???????????????## @ #??????????????????? | | ?????????###???# d #??????????????????? | | ????????## #??# # # #???????????####???? | | ????????# ### ## ##????????#### ##??? | | ????????# ### ##???????### ##?? | | ????????## #?#######??####### ### | | ?????????#### ###??????????# | | ????????????# #????????????#!#### | | ???????????## ##???????????# #??## | | ??????????## ##??????????# #???## | | ?????????## #??????????# #???## | | ??????#### ##????###### ##### | | ?????## ##???# | | ?????# ###?# ####### # ### | | ?????# """ ### #?????#?## ##?### | | ?????# """ ## #????????## #????# | | ????## """% #?????????# #????# | | ????# #????????# ##????# | | ????# #####????????# ##?????# | | ????## ### #????????????## #??????# | | ?????###??## ##????????????# #??????## | | ???????????## ##???????????# ????????? | | ????????????# % #???????????# ?????????? | | ???????????## ## ????????????????? | | ??????????## ### ###### #????????????????? | +----------------------------------------------------+ Best States ------------- Heat Dissipation 28 Energy Generation 14 Energy Capacity 265 Matter Stores 300 Matter Capacity 300 Sight Range 16 Robot Scan Range 15 Terrain Scan Range 16 Terrain Scan Density 10 Armor Coverage 150 Evasion (%) 55 Item Schematics ----------------- Hvy. Ion Engine | -9/Materials | Scanalyzed Robot Schematics ------------------ None Fabricated ------------ Nothing Alien Tech Used ----------------- None Achievements -------------- None Challenges ------------ None Game ------ Seed NovaLobotomyDetector Manual? 0 Play Time 00:28:53 Cumulative 57.2 hours Start 2025.03.11 @ 09:29:22 End 2025.03.11 @ 09:58:19 Sessions 1 Manual Loads 0 Difficulty Rogue Special Mode None Game No. 81 Rogue 81 Adventurer 0 Explorer 0 Win Type - Total 1 Types 1/0/0/0/0/0/0/0/0 Lore% 24 Gallery% 40 Achievement% 36 Wizard Run 0 Options --------- Layout 1 ASCII 1 Keyboard 0 Movement Mouse Keybinds 0 Fullscreen 1 Font 48/Smallcaps Map View 76x35 Zoom Use 0% Tactical HUD 1 Map Filters NONE Filters NONE Steam 1 RUN: 83252476-a385-473c-968d-24689a05512c